 Dungeon Crawl Stone Soup version 0.24-a0-235-g3f03afc (webtiles) character file.

Game seed: 2190504250689657749

10901 Gorice the Blocker (level 11, -4/83 HPs)
             Began as a Gnoll Wanderer on Apr 7, 2019.
             Was a Priest of the Shining One.
             Slain by a sixfirhy (12 damage)
             ... in a Gauntlet on Apr 8, 2019.
             The game lasted 01:09:55 (14418 turns).

Gorice the Blocker (Gnoll Wanderer)                Turns: 14418, Time: 01:09:56

Health: -4/83      AC: 19    Str: 17    XL:     11   Next: 69%
Magic:  18/21      EV:  7    Int: 15    God:    the Shining One [***...]
Gold:   315        SH: 20    Dex: 18    Spells: 24/24 levels left

rFire    + . .     SeeInvis .   a - +2 eveningstar (venom)
rCold    . . .     Gourm    .   e - +0 shield
rNeg     + . .     Faith    .   p - +0 plate armour
rPois    .         Spirit   .   G - +0 helmet
rElec    .         Reflect  .   I - +2 cloak
rCorr    .         Harm     .   (no gloves)
MR       .....     NoTele   +   n - +1 pair of boots
Stlth    ..........             w - amulet of magic regeneration
HPRegen  0.23/turn              f - ring of protection from fire
MPRegen  0.42/turn              D - +3 ring of dexterity

@: divine shield, glowing
A: distributed training, fangs 1, strong nose
a: Divine Shield, Renounce Religion


You were in a Gauntlet.
You worshipped the Shining One.
The Shining One was most pleased with you.
You were not hungry.

You visited 2 branches of the dungeon, and saw 10 of its levels.
You also visited: Gauntlet.

You collected 441 gold pieces.
You spent 126 gold pieces at shops.

Inventory:

Hand Weapons
 a - a +2 eveningstar of venom (weapon)
   (You acquired it on level 6 of the Dungeon)
 b - a +0 hunting sling
 B - a +0 blowgun
Missiles
 g - 6 curare-tipped needles
 j - 4 silver tomahawks
 r - 70 sling bullets
 H - 9 tomahawks (quivered)
 Y - 380 stones
 Z - 2 throwing nets {!f}
Armour
 e - a +0 shield (worn)
 n - a +1 pair of boots (worn)
 p - a +0 plate armour (worn)
 A - a +2 scale mail of cold resistance
   (You took it off a kobold on level 3 of the Dungeon)
 G - a +0 helmet (worn)
 I - a +2 cloak (worn)
Jewellery
 f - a ring of protection from fire (left hand)
 i - an uncursed ring of see invisible
 w - an amulet of magic regeneration (around neck)
 D - a +3 ring of dexterity (right hand)
Wands
 M - a wand of polymorph (5)
 O - a wand of enslavement (9)
 R - a wand of acid (4)
Scrolls
 q - 6 scrolls of teleportation {!r}
 F - 2 scrolls of fear {!r}
 J - 6 scrolls of remove curse
Potions
 c - 3 potions of might {!q}
 d - a potion of magic {!q}
 k - 2 potions of haste {!q}
 l - a potion of invisibility {unknown}
 o - a potion of resistance {unknown}
 s - a potion of berserk rage {unknown}
 t - a potion of brilliance {unknown}
 u - 3 potions of ambrosia
 v - 3 potions of lignification {!q}
 x - 5 potions of curing
 z - 2 potions of flight
 K - 4 potions of heal wounds {!q}
 Q - a potion of agility {unknown}
Miscellaneous
 h - a phial of floods
Comestibles
 m - 5 chunks of flesh
 y - 24 rations


   Skills:
 + Level 6.4 Fighting
 + Level 6.4 Short Blades
 + Level 8.0 Long Blades
 + Level 6.4 Axes
 + Level 6.4 Maces & Flails
 + Level 6.4 Polearms
 + Level 6.4 Staves
 + Level 6.4 Slings
 + Level 6.4 Bows
 + Level 6.4 Crossbows
 + Level 6.4 Throwing
 + Level 6.4 Armour
 + Level 7.0 Dodging
 + Level 6.4 Stealth
 + Level 8.0 Shields
 + Level 6.4 Unarmed Combat
 + Level 7.1 Spellcasting
 + Level 5.3 Conjurations
 + Level 5.8 Hexes
 + Level 5.3 Charms
 + Level 5.3 Summonings
 + Level 5.3 Necromancy
 + Level 5.3 Translocations
 + Level 5.3 Transmutations
 + Level 7.7 Fire Magic
 + Level 5.3 Ice Magic
 + Level 5.3 Air Magic
 + Level 5.3 Earth Magic
 + Level 5.3 Poison Magic
 + Level 7.0 Invocations
 + Level 6.4 Evocations


You had 24 spell levels left.
You didn't know any spells.
Your spell library contained the following spells:

 Spells                   Type           Power        Failure   Level  Hunger
 Corona                   Hex            ###....      73%         1    None
 Shock                    Conj/Air       ###.         80%         1    None
 Ensorcelled Hibernation  Hex/Ice        ###...       88%         2    None
 Corpse Rot               Necr           N/A          90%         2    None
 Sublimation of Blood     Necr           ###.......   90%         2    None
 Swiftness                Chrm/Air       ###.....     90%         2    None
 Confuse                  Hex            ###.....     97%         3    ##.....
 Tukima's Dance           Hex            ###.....     97%         3    ##.....
 Dazzling Spray           Conj/Hex       ###...       98%         3    ##.....
 Static Discharge         Conj/Air       ###.....     99%         3    ##.....
 Airstrike                Air            ###.......   100%        4    ####...
 Lightning Bolt           Conj/Air       ###.......   100%        5    #####..


Dungeon Overview and Level Annotations

Branches:
Dungeon (8/15)             Temple (0/1) D:6            Lair (2/6) D:8
 Spider (0/4) Lair:2
  Swamp: Lair:2-4    Shoals: Lair:2-4

Altars:
Dithmenos
Nemelex Xobeh
Ru
Sif Muna
Trog
Wu Jian
Xom
The Shining One

Shops:
D:7 !

Annotations:
Lair:1 1 runed translucent door, Xysuja Ciut's ghost, journeyman NaFE Gauntlet 1 runed translucent door, 9 transporters


Innate Abilities, Weirdness & Mutations

Your experience applies equally to all skills.
You have very sharp teeth.
Your uncanny sense of smell can sniff out nearby items.


Message History

J - 6 scrolls of remove curse (gained 1)
You now have 315 gold pieces (gained 31).
The wolf howls!
There is a transporter here.
Partly explored, unvisited transporter.
You enter the transporter and appear at another place.
The wolf howls! x2; You hear a howl!
The wolf howls!
The moth of wrath's fur bristles in rage as it notices you.
There is a transporter here.
The ufetubus shouts!
The death drake hisses angrily.
Press: ? - help, v - describe, . - travel, g - get item A scroll of fear.
The floor.
This square is lit by a halo.
That item cannot be evoked!
There is a transporter here.
You enter the transporter and appear at another place.
You open the gate. You block the sixfirhy's attack. The sixfirhy hits you!
The sixfirhy shocks you! You block the sixfirhy's attack.
Damage: 18 (max 18)
The sixfirhy closely misses you.
The ufetubus hits you but does no damage.
You block the ufetubus's attack. The sixfirhy barely misses you.
The sixfirhy closely misses you. The sixfirhy hits you!
The sixfirhy shocks you!
The sixfirhy hits you but does no damage.
Damage: 17 (max 18)
You miss the sixfirhy. Your bite misses the sixfirhy. The sixfirhy hits you.
The sixfirhy shocks you!
The sixfirhy hits you but does no damage.
You block the sixfirhy's attack.
Damage: 11 (max 18)
Your plate armour prevents you from hitting the sixfirhy.
The wolf pauses to sniff the ground.
You thump the sixfirhy!
The sixfirhy is poisoned.
The sixfirhy is moderately wounded.
The sixfirhy barely misses you.
The sixfirhy hits you but does no damage.
Your shield is strengthened by the Shining One's divine power.
You feel slightly more hungry. You block the sixfirhy's attack. x2
The sixfirhy hits you.
* * * LOW HITPOINT WARNING * * *
The sixfirhy shocks you!
* * * LOW HITPOINT WARNING * * *
The sixfirhy hits you!
* * * LOW HITPOINT WARNING * * *
The sixfirhy shocks you!
You die...

..#.#'###.#...###hy.#.#...##Z#..#
∩.#.......#.8.#hhh##..#.8.#k##.#?
..#########...#########...#######
8.........#.8.........#.8.....#..
..#########...#########...#######
∩.#y#.....#.8.#.......#.8.#..^.^u
..#.#.###.#...#.......#...#.8.#.#
..#.###...#.8.#####'###.8.#..P.P.
#©#...©..y#©.©#©@35'.©#©.©#.8.©.#
≈.#.###..[#####.##5'#######..P.P.
≈.#.#.###[#...#.##.#[.#...#.⌠.#.#
≈.#.#.....#.8.#....#.?#.8.#..^.^.
#.#########...#########...#######
≈................................
≈≈#≈≈≈#≈≈≈#≈≈≈#≈≈≈#≈≈≈#≈≈≈#≈≈≈#≈≈
≈###≈###≈###≈###≈###≈###≈###≈###≈
# ### ### ### ### ### ### ### ##


You could see a sixfirhy, a hornet, 3 wolves and 2 ufetubi.

Vanquished Creatures
  Pikel (D:4)
  Joseph (D:8)
  4 spiny frogs (Lair:1)
  A torpor snail (Gauntlet)
  2 komodo dragons (Lair:1)
  Grinder (D:4)
  3 hippogriffs
  15 yaks
  A wyvern (D:8)
  Eustachio (D:5)
  A hungry ghost (D:8)
  Menkaure (D:5)
  Edmund (D:6)
  A warg (Lair:2)
  Duvessa (D:4)
  6 water moccasins (Lair:1)
  4 porcupines
  3 orc warriors
  4 ogres
  2 centaurs
  Blork the orc (D:4)
  A wyvern zombie (D:7)
  5 bullfrogs
  Dowan (D:4)
  2 wyvern skeletons
  2 scorpions
  5 killer bees (D:8)
  4 wights (D:6)
  An electric eel (D:6)
  2 howler monkeys (D:7)
  A centaur zombie (D:7)
  2 bullfrog zombies
  2 quasits
  3 orc wizards
  4 orc priests
  Crazy Yiuf (D:7)
  6 gnoll shamans (D:6)
  3 hounds
  A jelly (D:7)
  A bullfrog skeleton (D:6)
  2 centaur skeletons
  2 iguanas
  6 worker ants
  A killer bee zombie (D:5)
  2 hound zombies
  Robin (D:4)
  5 adders
  30 gnolls
  6 worms
  2 dart slugs
  4 leopard geckos
  18 orcs
  A ball python (D:6)
  9 bats
  5 giant cockroaches
  11 goblins
  6 hobgoblins
  22 jackals
  3 quokkas
  2 frilled lizards
  4 kobolds
  A quokka skeleton (D:5)
  2 rats
247 creatures vanquished.

Vanquished Creatures (others)
  2 slaves (D:4)
  Ijyb (D:4)
  An adder skeleton (D:4)
  2 orcs (D:4)
  4 goblins (D:4)
  2 jackals (D:4)
  2 fungi (Lair:1)
  4 plants (D:6)
18 creatures vanquished.

Grand Total: 265 creatures vanquished

Notes
Turn   | Place    | Note
-------+----------+-------------------------------------------
     0 | D:1      | Gorice the Gnoll Wanderer began the quest for the Orb.
     0 | D:1      | Gorice set off with the following items: a +0 dagger, a
                  | potion of lignification {!q}, a +0 robe, a +0 shield, a
                  | ration; and the following spells available to memorise:
                  | Corpse Rot, Sublimation of Blood
     0 | D:1      | Reached XP level 1. HP: 13/13 MP: 4/4
   204 | D:1      | Reached skill level 2 in Hexes
   446 | D:1      | Reached XP level 2. HP: 19/19 MP: 5/5
  1270 | D:2      | Reached XP level 3. HP: 19/25 MP: 7/7
  1551 | D:2      | Reached skill level 1 in Invocations
  1628 | D:2      | Found a sparkling altar of Nemelex Xobeh.
  2156 | D:3      | Found a bloodstained altar of Trog.
  2422 | D:3      | Reached skill level 1 in Fighting
  2422 | D:3      | Reached skill level 1 in Short Blades
  2422 | D:3      | Reached skill level 1 in Axes
  2422 | D:3      | Reached skill level 1 in Maces & Flails
  2422 | D:3      | Reached skill level 1 in Polearms
  2422 | D:3      | Reached skill level 1 in Staves
  2422 | D:3      | Reached skill level 1 in Slings
  2422 | D:3      | Reached skill level 1 in Bows
  2422 | D:3      | Reached skill level 1 in Crossbows
  2422 | D:3      | Reached skill level 1 in Throwing
  2422 | D:3      | Reached skill level 1 in Armour
  2422 | D:3      | Reached skill level 1 in Stealth
  2422 | D:3      | Reached skill level 1 in Unarmed Combat
  2422 | D:3      | Reached skill level 1 in Evocations
  2612 | D:3      | Reached XP level 4. HP: 32/32 MP: 8/8
  3005 | D:3      | Reached skill level 3 in Spellcasting
  3339 | D:3      | Found a glowing golden altar of the Shining One.
  3346 | D:3      | Became a worshipper of the Shining One
  3543 | D:2      | Reached skill level 1 in Conjurations
  3543 | D:2      | Reached skill level 1 in Charms
  3543 | D:2      | Reached skill level 1 in Summonings
  3543 | D:2      | Reached skill level 1 in Necromancy
  3543 | D:2      | Reached skill level 1 in Translocations
  3543 | D:2      | Reached skill level 1 in Transmutations
  3543 | D:2      | Reached skill level 1 in Ice Magic
  3543 | D:2      | Reached skill level 1 in Air Magic
  3543 | D:2      | Reached skill level 1 in Earth Magic
  3543 | D:2      | Reached skill level 1 in Poison Magic
  3731 | D:3      | Reached XP level 5. HP: 23/37 MP: 9/9
  3962 | D:3      | Found a deep blue altar of Sif Muna.
  4070 | D:4      | Reached skill level 3 in Dodging
  4262 | D:4      | Noticed Ijyb
  4263 | D:4      | HP: 10/37 [acid (11)]
  4383 | D:4      | Noticed Duvessa
  4384 | D:4      | Noticed Dowan
  4392 | D:4      | Noticed Pikel
  4396 | D:4      | Noticed a slave
  4399 | D:4      | Noticed a slave
  4400 | D:4      | Noticed a slave
  4403 | D:4      | Noticed a slave
  4405 | D:4      | Noticed Blork the orc
  4411 | D:4      | Killed Duvessa
  4411 | D:4      | Reached skill level 2 in Invocations
  4411 | D:4      | Reached XP level 6. HP: 44/44 MP: 9/11
  4420 | D:4      | Killed Dowan
  4420 | D:4      | Reached skill level 2 in Fighting
  4420 | D:4      | Reached skill level 2 in Short Blades
  4420 | D:4      | Reached skill level 5 in Long Blades
  4420 | D:4      | Reached skill level 2 in Axes
  4420 | D:4      | Reached skill level 2 in Maces & Flails
  4420 | D:4      | Reached skill level 2 in Polearms
  4420 | D:4      | Reached skill level 2 in Staves
  4420 | D:4      | Reached skill level 2 in Slings
  4420 | D:4      | Reached skill level 2 in Bows
  4420 | D:4      | Reached skill level 2 in Crossbows
  4420 | D:4      | Reached skill level 2 in Throwing
  4420 | D:4      | Reached skill level 2 in Armour
  4420 | D:4      | Reached skill level 2 in Stealth
  4420 | D:4      | Reached skill level 5 in Shields
  4420 | D:4      | Reached skill level 2 in Unarmed Combat
  4420 | D:4      | Reached skill level 2 in Evocations
  4451 | D:4      | HP: 12/44 [Pikel/+0 whip of flaming (5)]
  4460 | D:4      | Killed Pikel
  4460 | D:4      | Reached skill level 2 in Conjurations
  4460 | D:4      | Reached skill level 3 in Hexes
  4460 | D:4      | Reached skill level 2 in Charms
  4460 | D:4      | Reached skill level 2 in Summonings
  4460 | D:4      | Reached skill level 2 in Necromancy
  4460 | D:4      | Reached skill level 2 in Translocations
  4460 | D:4      | Reached skill level 2 in Transmutations
  4460 | D:4      | Reached skill level 2 in Ice Magic
  4460 | D:4      | Reached skill level 2 in Air Magic
  4460 | D:4      | Reached skill level 2 in Earth Magic
  4460 | D:4      | Reached skill level 2 in Poison Magic
  4460 | D:4      | Reached skill level 3 in Invocations
  4460 | D:4      | Reached XP level 7. HP: 29/51 MP: 12/12
  4500 | D:4      | HP: 15/51 [something (2)]
  4510 | D:4      | Killed Blork the orc
  4510 | D:4      | Reached skill level 4 in Spellcasting
  4510 | D:4      | Reached XP level 8. HP: 26/57 MP: 12/14
  4758 | D:4      | Noticed Grinder
  4759 | D:4      | --Ijyb w /acid, D&D, Pikey, Blork and now Grinder!
  4899 | D:4      | Paralysed by Grinder for 6 turns
  4904 | D:4      | HP: 17/57 [Grinder/nerve-wracking pain (5)]
  4905 | D:4      | Killed Grinder
  4905 | D:4      | Reached skill level 3 in Fighting
  4905 | D:4      | Reached skill level 3 in Short Blades
  4905 | D:4      | Reached skill level 3 in Axes
  4905 | D:4      | Reached skill level 3 in Maces & Flails
  4905 | D:4      | Reached skill level 3 in Polearms
  4905 | D:4      | Reached skill level 3 in Staves
  4905 | D:4      | Reached skill level 3 in Slings
  4905 | D:4      | Reached skill level 3 in Bows
  4905 | D:4      | Reached skill level 3 in Crossbows
  4905 | D:4      | Reached skill level 3 in Throwing
  4905 | D:4      | Reached skill level 3 in Armour
  4905 | D:4      | Reached skill level 4 in Dodging
  4905 | D:4      | Reached skill level 3 in Stealth
  4905 | D:4      | Reached skill level 3 in Unarmed Combat
  4905 | D:4      | Reached skill level 6 in Fire Magic
  4905 | D:4      | Reached skill level 3 in Evocations
  5161 | D:4      | HP: 13/58 [acid (15)]
  5173 | D:5      | Entered Level 5 of the Dungeon
  5810 | D:5      | Noticed Menkaure
  5820 | D:5      | HP: 16/58 [??? (14)]
  5821 | D:5      | Killed Menkaure
  6350 | D:5      | Found a sacrificial altar of Ru.
  6502 | D:5      | Noticed Eustachio
  6533 | D:5      | Killed Eustachio
  6533 | D:5      | Reached * piety under the Shining One
  6533 | D:5      | Reached skill level 3 in Conjurations
  6533 | D:5      | Reached skill level 3 in Charms
  6533 | D:5      | Reached skill level 3 in Summonings
  6533 | D:5      | Reached skill level 3 in Necromancy
  6533 | D:5      | Reached skill level 3 in Translocations
  6533 | D:5      | Reached skill level 3 in Transmutations
  6533 | D:5      | Reached skill level 3 in Ice Magic
  6533 | D:5      | Reached skill level 3 in Air Magic
  6533 | D:5      | Reached skill level 3 in Earth Magic
  6533 | D:5      | Reached skill level 3 in Poison Magic
  6533 | D:5      | Reached skill level 4 in Invocations
  6660 | D:5      | HP: 16/60 [orc warrior/+0 long sword (12)]
  6907 | D:6      | Found a staircase to the Ecumenical Temple.
  6911 | D:5      | Reached XP level 9. HP: 56/65 MP: 16/16
  7068 | D:6      | Noticed Edmund
  7109 | D:6      | Killed Edmund
  7109 | D:6      | Reached skill level 6 in Long Blades
  7109 | D:6      | Reached skill level 6 in Shields
  7340 | D:6      | HP: 13/65 [wight/cursed +3 battleaxe (11)]
  7348 | D:6      | HP: 12/65 [hound (1)]
  7360 | D:6      | HP: 13/65 [hound (2)]
  7366 | D:6      | HP: 9/65 [wight/cursed +3 battleaxe (6)]
  7951 | D:4      | Killed Ijyb
  7989 | D:4      | Noticed Robin
  8016 | D:4      | Killed Robin
  8554 | D:7      | Reached skill level 4 in Fighting
  8554 | D:7      | Reached skill level 4 in Short Blades
  8554 | D:7      | Reached skill level 4 in Axes
  8554 | D:7      | Reached skill level 4 in Maces & Flails
  8554 | D:7      | Reached skill level 4 in Polearms
  8554 | D:7      | Reached skill level 4 in Staves
  8554 | D:7      | Reached skill level 4 in Slings
  8554 | D:7      | Reached skill level 4 in Bows
  8554 | D:7      | Reached skill level 4 in Crossbows
  8554 | D:7      | Reached skill level 4 in Throwing
  8554 | D:7      | Reached skill level 4 in Armour
  8554 | D:7      | Reached skill level 4 in Stealth
  8554 | D:7      | Reached skill level 4 in Unarmed Combat
  8554 | D:7      | Reached skill level 4 in Hexes
  8554 | D:7      | Reached skill level 4 in Evocations
  8570 | D:7      | Found Ashuuzed's Distillery.
  8773 | D:7      | Bought a potion of heal wounds for 70 gold pieces
  8773 | D:7      | Bought a potion of might for 56 gold pieces
  8845 | D:7      | Reached skill level 5 in Spellcasting
  9024 | D:7      | Found a hazy altar of Hepliaklqana.
  9026 | D:7      | Found a bloodstained altar of Trog.
  9026 | D:7      | Found a hide-covered altar of Uskayaw.
  9026 | D:7      | Reached ** piety under the Shining One
  9042 | D:7      | Found an ancient bone altar of Kikubaaqudgha.
  9042 | D:7      | Found a shimmering altar of Xom.
  9042 | D:7      | Found an ancient bone altar of Kikubaaqudgha.
  9064 | D:7      | Reached skill level 5 in Dodging
  9627 | D:7      | Found a runed translucent door.
  9638 | D:7      | Noticed Crazy Yiuf
  9645 | D:7      | Killed Crazy Yiuf
  9748 | D:7      | Found a shadowy altar of Dithmenos.
  9928 | D:8      | Reached skill level 5 in Invocations
  9969 | D:8      | HP: 18/66 [wyvern (8)]
  9976 | D:8      | HP: 19/66 [bullfrog (1)]
 10198 | D:8      | Found an ornate altar of the Wu Jian Council.
 10327 | D:8      | Reached XP level 10. HP: 66/73 MP: 18/18
 10347 | D:8      | Noticed Joseph
 10353 | D:8      | Found a staircase to the Lair.
 10383 | D:8      | Reached skill level 4 in Conjurations
 10383 | D:8      | Reached skill level 4 in Charms
 10383 | D:8      | Reached skill level 4 in Summonings
 10383 | D:8      | Reached skill level 4 in Necromancy
 10383 | D:8      | Reached skill level 4 in Translocations
 10383 | D:8      | Reached skill level 4 in Transmutations
 10383 | D:8      | Reached skill level 4 in Ice Magic
 10383 | D:8      | Reached skill level 4 in Air Magic
 10383 | D:8      | Reached skill level 4 in Earth Magic
 10383 | D:8      | Reached skill level 4 in Poison Magic
 10398 | D:8      | HP: 21/73 [poisoned by a killer bee]
 10402 | D:8      | Killed Joseph
 10404 | D:8      | HP: 20/73 [poisoned by a killer bee]
 10412 | D:8      | HP: 19/73 [poisoned by a killer bee]
 10420 | D:8      | HP: 19/73 [poisoned by a killer bee]
 10707 | D:8      | Reached skill level 5 in Fighting
 10707 | D:8      | Reached skill level 5 in Short Blades
 10707 | D:8      | Reached skill level 5 in Axes
 10707 | D:8      | Reached skill level 5 in Maces & Flails
 10707 | D:8      | Reached skill level 5 in Polearms
 10707 | D:8      | Reached skill level 5 in Staves
 10707 | D:8      | Reached skill level 5 in Slings
 10707 | D:8      | Reached skill level 5 in Bows
 10707 | D:8      | Reached skill level 5 in Crossbows
 10707 | D:8      | Reached skill level 5 in Throwing
 10707 | D:8      | Reached skill level 5 in Armour
 10707 | D:8      | Reached skill level 5 in Stealth
 10707 | D:8      | Reached skill level 5 in Unarmed Combat
 10707 | D:8      | Reached skill level 5 in Evocations
 10964 | D:8      | HP: 13/74 [acid (12)]
 11447 | D:8      | Reached skill level 7 in Fire Magic
 11582 | D:6      | Reached skill level 7 in Long Blades
 11582 | D:6      | Reached skill level 7 in Shields
 11712 | D:6      | Reached skill level 6 in Spellcasting
 12110 | D:6      | Reached skill level 6 in Dodging
 12194 | D:6      | Reached skill level 5 in Hexes
 12422 | D:6      | Identified a scroll of acquirement
 12486 | D:4      | --heh, my Pikel slave buddies killed Ijyb for me!
 12588 | Lair:1   | Entered Level 1 of the Lair of Beasts
 12598 | Lair:1   | Reached skill level 6 in Invocations
 12814 | Lair:1   | Reached *** piety under the Shining One
 12822 | Lair:1   | Reached XP level 11. HP: 68/81 MP: 20/20
 12971 | Lair:1   | Reached skill level 6 in Fighting
 12971 | Lair:1   | Reached skill level 6 in Short Blades
 12971 | Lair:1   | Reached skill level 6 in Axes
 12971 | Lair:1   | Reached skill level 6 in Maces & Flails
 12971 | Lair:1   | Reached skill level 6 in Polearms
 12971 | Lair:1   | Reached skill level 6 in Staves
 12971 | Lair:1   | Reached skill level 6 in Slings
 12971 | Lair:1   | Reached skill level 6 in Bows
 12971 | Lair:1   | Reached skill level 6 in Crossbows
 12971 | Lair:1   | Reached skill level 6 in Throwing
 12971 | Lair:1   | Reached skill level 6 in Armour
 12971 | Lair:1   | Reached skill level 6 in Stealth
 12971 | Lair:1   | Reached skill level 6 in Unarmed Combat
 12971 | Lair:1   | Reached skill level 6 in Evocations
 13158 | Lair:1   | Noticed Xysuja Ciut's ghost (journeyman NaFE)
 13180 | Lair:1   | Reached skill level 5 in Conjurations
 13180 | Lair:1   | Reached skill level 5 in Charms
 13180 | Lair:1   | Reached skill level 5 in Summonings
 13180 | Lair:1   | Reached skill level 5 in Necromancy
 13180 | Lair:1   | Reached skill level 5 in Translocations
 13180 | Lair:1   | Reached skill level 5 in Transmutations
 13180 | Lair:1   | Reached skill level 5 in Ice Magic
 13180 | Lair:1   | Reached skill level 5 in Air Magic
 13180 | Lair:1   | Reached skill level 5 in Earth Magic
 13180 | Lair:1   | Reached skill level 5 in Poison Magic
 13655 | Lair:1   | Found a runed translucent door.
 14003 | Lair:2   | Reached skill level 7 in Spellcasting
 14016 | Lair:2   | Found a gate leading to a gauntlet.
 14023 | Lair:2   | Noticed Sonja
 14026 | Lair:2   | Noticed Sonja
 14026 | Lair:2   | Sonja changed into Sonja the warg
 14032 | Lair:2   | Killed Sonja the warg
 14195 | Gauntlet | Entered a Gauntlet
 14195 | Gauntlet | Found a runed translucent door.
 14195 | Gauntlet | Found a transporter.
 14195 | Gauntlet | Found a runed translucent door.
 14195 | Gauntlet | Found a transporter.
 14197 | Gauntlet | Found a transporter.
 14197 | Gauntlet | Found a transporter.
 14201 | Gauntlet | Found a transporter.
 14201 | Gauntlet | Found a transporter.
 14232 | Gauntlet | Found a runed translucent gate.
 14234 | Gauntlet | Noticed a sixfirhy
 14236 | Gauntlet | Found a runed translucent gate.
 14240 | Gauntlet | Found a transporter.
 14241 | Gauntlet | Found a runed translucent gate.
 14244 | Gauntlet | Found a transporter.
 14246 | Gauntlet | Noticed a red ugly thing
 14246 | Gauntlet | Noticed a purple ugly thing
 14249 | Gauntlet | Noticed a great orb of eyes
 14252 | Gauntlet | Found a transporter.
 14269 | Gauntlet | Found a transporter.
 14287 | Gauntlet | Found a transporter.
 14288 | Gauntlet | Found a transporter.
 14289 | Gauntlet | Noticed a moth of wrath
 14292 | Gauntlet | Noticed a death drake
 14352 | Gauntlet | Reached skill level 7 in Invocations
 14363 | Gauntlet | Reached skill level 8 in Long Blades
 14363 | Gauntlet | Reached skill level 7 in Dodging
 14363 | Gauntlet | Reached skill level 8 in Shields
 14418 | Gauntlet | HP: 15/83 [sixfirhy (10)]
 14418 | Gauntlet | Slain by a sixfirhy

Levels and vault maps discovered:
D:1:      nicolae_arrival_memento_mori, layout_basic
D:2:      layout_basic, minmay_misc_feat_hallway, nemelex_spade_bored_becter
D:3:      layout_loops_corners, old_standard_altar, led_sif_pool, tso_altar
D:4:      layout_loops_ring, first_ration, uniq_blork_the_orc, uniq_ijyb,
          uniq_grinder, uniq_duvessa, uniq_robin, uniq_pikel
D:5:      layout_basic, nicolae_ru_the_path_less_chosen, uniq_menkaure,
          uniq_eustachio
D:6:      lemuel_castle_with_subvaults [lemuel_castle_interior_carwin_2],
          layout_rooms, minmay_temple_entry_purple_smoke, serial_bayou,
          serial_bayou_shore_b, serial_bayou_shore_b, serial_bayou_crossing,
          serial_bayou_pond_a, kennysheep_generic_room_7, uniq_edmund
D:7:      layout_rooms, nicolae_dithmenos_the_darkroom, doesnt_xom_only_xom,
          serial_shops, nicolae_shop_stone, grunt_ogre_cave,
          uniq_crazy_yiuf_cottage
D:8:      layout_loops_corners, nicolae_overflow_crystal_walls,
          lair_entry_dummy, uniq_joseph
Lair:1:   layout_gridlike, hellmonk_ghost_happy_afterlife, lemuel_fruit_tree
Lair:2:   layout_small_grid, nicolae_spider_entry_non_spiders,
          gauntlet_entry_generic, uniq_erica, uniq_sonja
Gauntlet: minmay_gauntlet_77_indecision [minmay_gauntlet_arena_77_shame_cube,
          minmay_gauntlet_arena_77_mirror, minmay_gauntlet_arena_77_squiggly,
          minmay_gauntlet_arena_77_run_for_it,
          minmay_gauntlet_arena_77_tiled_triplets,
          minmay_gauntlet_arena_77_museum, gauntlet_exit_hidden_loot]

Skill      XL: |  1  2  3  4  5  6  7  8  9 10 11 |
---------------+----------------------------------+-----
Hexes          | 2 3 4 5 |  5.8
Invocations    | 1 2 3 4 5 6 7 |  7.0
Fighting       | 1 2 3 4 5 6 |  6.4
Short Blades   | 1 2 3 4 5 6 |  6.4
Axes           | 1 2 3 4 5 6 |  6.4
Maces & Flails | 1 2 3 4 5 6 |  6.4
Polearms       | 1 2 3 4 5 6 |  6.4
Staves         | 1 2 3 4 5 6 |  6.4
Slings         | 1 2 3 4 5 6 |  6.4
Bows           | 1 2 3 4 5 6 |  6.4
Crossbows      | 1 2 3 4 5 6 |  6.4
Throwing       | 1 2 3 4 5 6 |  6.4
Armour         | 1 2 3 4 5 6 |  6.4
Stealth        | 1 2 3 4 5 6 |  6.4
Unarmed Combat | 1 2 3 4 5 6 |  6.4
Evocations     | 1 2 3 4 5 6 |  6.4
Spellcasting   | 3 4 5 6 7 |  7.1
Conjurations   | 1 2 3 4 5 |  5.3
Charms         | 1 2 3 4 5 |  5.3
Summonings     | 1 2 3 4 5 |  5.3
Necromancy     | 1 2 3 4 5 |  5.3
Translocations | 1 2 3 4 5 |  5.3
Transmutations | 1 2 3 4 5 |  5.3
Ice Magic      | 1 2 3 4 5 |  5.3
Air Magic      | 1 2 3 4 5 |  5.3
Earth Magic    | 1 2 3 4 5 |  5.3
Poison Magic   | 1 2 3 4 5 |  5.3
Dodging        | 3 4 5 6 7 |  7.0
Long Blades    | 5 6 7 8 |  8.0
Shields        | 5 6 7 8 |  8.0
Fire Magic     | 6 7 |  7.7

Action                   |  1- 3 |  4- 6 |  7- 9 | 10-12 || total
-------------------------+-------+-------+-------+-------++-------
Melee: Dagger            |    13 |       |       |       ||    13
       Hand axe          |   154 |   176 |    26 |     3 ||   359
       Bite              |    20 |    20 |    80 |    59 ||   179
       Long sword        |       |       |   484 |   167 ||   651
       Scimitar          |       |       |       |   137 ||   137
       Eveningstar       |       |       |       |   157 ||   157
 Fire: Hunting sling     |       |       |       |    28 ||    28
Throw: Stone             |    26 |    20 |    10 |       ||    56
       Tomahawk          |       |       |     4 |    17 ||    21
       Throwing net      |       |       |       |     1 ||     1
Invok: Divine Shield     |       |       |     4 |     3 ||     7
Evoke: Wand              |       |       |       |     5 ||     5
  Use: Scroll            |     7 |     2 |     7 |     8 ||    24
       Potion            |       |     4 |     2 |     1 ||     7
  Eat: Chunk             |     6 |     5 |    18 |    15 ||    44
       Ration            |       |       |     1 |       ||     1
Armor: Robe              |     9 |       |       |       ||     9
       Plate armour      |    90 |    80 |   237 |    69 ||   476
       Skin              |       |    15 |       |       ||    15
       Chain mail        |       |       |    99 |   137 ||   236
Dodge: Dodged            |    21 |    21 |   102 |   132 ||   276
Block: Shield            |    83 |    87 |   306 |   300 ||   776
       Rpst.: Long sword |       |       |    29 |    16 ||    45
       Scimitar          |       |       |       |    11 ||    11

Table legend:
 A = Non-vault XP
 B = Vault XP
 C = Vault XP percentage of total XP
 D = Non-vault monster count
 E = Vault monster count
 F = Vault count percentage of total count
                 A         B        C        D         E       F
            +---------+---------+-------+---------+---------+-------
      Total |   11164 |    4409 |  28.3 |     174 |      74 |  29.8
            +---------+---------+-------+---------+---------+-------
        D:1 |      21 |       0 |   0.0 |      10 |       0 |   0.0
        D:2 |      69 |       0 |   0.0 |      16 |       0 |   0.0
        D:3 |      84 |       0 |   0.0 |      22 |       0 |   0.0
        D:4 |     129 |    1258 |  90.7 |       9 |      11 |  55.0
        D:5 |     451 |     409 |  47.6 |      16 |       3 |  15.8
        D:6 |    1108 |     933 |  45.7 |      27 |      52 |  65.8
        D:7 |    1130 |     156 |  12.1 |      22 |       2 |   8.3
        D:8 |    1379 |     475 |  25.6 |      21 |       1 |   4.5
     Lair:1 |    6656 |       0 |   0.0 |      30 |       0 |   0.0
     Lair:2 |     137 |     161 |  54.0 |       1 |       1 |  50.0
   Gauntlet |       0 |    1017 | 100.0 |       0 |       4 | 100.0
            +---------+---------+-------+---------+---------+-------

Table legend:
 A = Turns spent in this place as a percentage of turns spent in the entire game.
 B = Non-inter-level travel turns spent in this place as a percentage of non-inter-level travel turns spent in the entire game.
 C = Inter-level travel turns spent in this place as a percentage of turns spent in this place.
 D = Turns resting spent in this place as a percentage of non-inter-level travel turns spent in this place.
 E = Turns spent auto-exploring this place as a percentage of non-inter-level travel turns spent in this place.
 F = Non-inter-level travel turns spent in this place divided by the number of levels of this place that you've seen.
                   A       B       C       D       E      F
               +-------+-------+-------+-------+-------+----------------------
         Total | 100.0 | 100.0 |   4.6 |  34.4 |  35.0 | 1250.9
       Dungeon |  87.3 |  87.0 |   4.9 |  33.8 |  36.9 | 1496.2
          Lair |  11.1 |  11.4 |   2.5 |  43.8 |  25.7 | 783.5
      Gauntlet |   1.5 |   1.6 |   0.0 |   0.0 |   0.0 | 223.0
               +-------+-------+-------+-------+-------+----------------------

Levels and vault maps discovered:
D:1:      nicolae_arrival_memento_mori, layout_basic
D:2:      layout_basic, minmay_misc_feat_hallway, nemelex_spade_bored_becter
D:3:      layout_loops_corners, old_standard_altar, led_sif_pool, tso_altar
D:4:      layout_loops_ring, first_ration, uniq_blork_the_orc, uniq_ijyb,
          uniq_grinder, uniq_duvessa, uniq_robin, uniq_pikel
D:5:      layout_basic, nicolae_ru_the_path_less_chosen, uniq_menkaure,
          uniq_eustachio
D:6:      lemuel_castle_with_subvaults [lemuel_castle_interior_carwin_2],
          layout_rooms, minmay_temple_entry_purple_smoke, serial_bayou,
          serial_bayou_shore_b, serial_bayou_shore_b, serial_bayou_crossing,
          serial_bayou_pond_a, kennysheep_generic_room_7, uniq_edmund
D:7:      layout_rooms, nicolae_dithmenos_the_darkroom, doesnt_xom_only_xom,
          serial_shops, nicolae_shop_stone, grunt_ogre_cave,
          uniq_crazy_yiuf_cottage
D:8:      layout_loops_corners, nicolae_overflow_crystal_walls,
          lair_entry_dummy, uniq_joseph
Lair:1:   layout_gridlike, hellmonk_ghost_happy_afterlife, lemuel_fruit_tree
Lair:2:   layout_small_grid, nicolae_spider_entry_non_spiders,
          gauntlet_entry_generic, uniq_erica, uniq_sonja
Gauntlet: minmay_gauntlet_77_indecision [minmay_gauntlet_arena_77_shame_cube,
          minmay_gauntlet_arena_77_mirror, minmay_gauntlet_arena_77_squiggly,
          minmay_gauntlet_arena_77_run_for_it,
          minmay_gauntlet_arena_77_tiled_triplets,
          minmay_gauntlet_arena_77_museum, gauntlet_exit_hidden_loot]
